 Dungeon Crawl Stone Soup version 0.31-a0-152-g6aa68a64a1 (webtiles) character file.

Game seed: 8514618395651178764

722 qw the Shooter (level 7, -5/66 HPs)
             Began as a Naga Hunter on June 10, 2023.
             Slain by Duvessa
             ... wielding a +0 short sword
              (6 damage)
             ... on level 5 of the Dungeon.
             The game lasted 00:01:16 (3205 turns).

qw the Shooter (Naga Hunter)                        Turns: 3205, Time: 00:01:17

Health: -5/66      AC: 10    Str: 14    XL:     7   Next: 71%
Magic:  7/7        EV: 10    Int:  9    God:
Gold:   89         SH:  0    Dex: 20    Spells: 6/6 levels left

rFire   . . .        Y - +1 shortbow
rCold   . . .        (shield currently unavailable)
rNeg    . . .        l - +4 leather armour of Xieq {Dex+4}
rPois   +            h - +2 helmet
rElec   .            (no cloak)
rCorr   .            (no gloves)
SInv    +            (no barding)
Will    .....        d - amulet of the acrobat
Stlth   +            (no ring)
HPRegen 0.31/turn    (no ring)
MPRegen 0.10/turn

%: acrobat
@: lit by a corona, short of breath, glowing, very slow
A: AC +2, large, see invisible, deformed body, poison resistance, slowness 2,
spit poison 1, naga tail 1
a: Spit Poison


You were on level 5 of the Dungeon.
You visited 1 branch of the dungeon, and saw 5 of its levels.

You collected 236 gold pieces.
You spent 147 gold pieces at shops.


Innate Abilities, Weirdness & Mutations

Your serpentine skin is tough. (AC +2)
You have supernaturally acute eyesight. (SInv)
Armour fits poorly on your strangely shaped body.
Your system is resistant to poisons. (rPois)
You cover ground very slowly.
You can spit poison.
You have a snake-like lower body.


   Skills:
 - Level 4.6 Fighting
 + Level 7.1 Ranged Weapons
 - Level 2.3 Dodging
 - Level 1.5 Stealth


You had 6 spell levels left.
You didn't know any spells.
Your spell library was empty.

Inventory:

Hand Weapons
 Y - a +1 shortbow (weapon)
Armour
 h - a +2 helmet (worn)
 l - the +4 leather armour of Xieq (worn) {Dex+4}
   (You found it on level 2 of the Dungeon)

   Dex:       It affects your dexterity (+4).
Jewellery
 d - an amulet of the acrobat (around neck)
Scrolls
 a - a scroll of identify
Potions
 b - a potion of might
 c - a potion of degeneration {unknown}
 e - a potion of brilliance {unknown}
 f - a potion of cancellation {unknown}
 g - a potion of heal wounds {unknown}
 i - a potion of ambrosia {unknown}
 j - a potion of curing
 k - a potion of attraction {unknown}
 m - 2 potions of enlightenment {unknown}

Dungeon Overview and Level Annotations

Branches:
Dungeon (5/15)
 Temple: D:4-7

Altars:
Cheibriados
Kikubaaqudgha
Okawaru
Sif Muna
Uskayaw
Vehumet
Yredelemnul

Shops:
D:2 (   D:4 (*

Annotations:
D:3 3 runed translucent doors, qw's ghost, amateur MiHu
D:5 Duvessa


Message History

Duvessa is lightly wounded.
Duvessa hits you with a +0 short sword!
You shoot an arrow. The arrow hits Dowan.
Dowan is heavily wounded.
You have got your breath back.
Duvessa says, "Where magic fails, the sword succeeds!"
Duvessa closely misses you. Dowan hits you but does no damage.
3199 ||| INVOKING Spit Poison.
Aiming: Spit Poison (1% risk of failure)
Press: ? - help, Shift-Dir - straight line, f/p - Dowan The splash of poison misses Dowan.
Duvessa hits you with a +0 short sword.
Dowan hits you with a +2 dagger of speed!
You shoot an arrow. The arrow misses Dowan.
Dowan casts a spell at you.
You are outlined in light.
Duvessa hits you but does no damage.
You shoot an arrow. The arrow closely misses Dowan.
Dowan hits you with a +2 dagger of speed.
Duvessa closely misses you.
Dowan hits you with a +2 dagger of speed.
Duvessa barely misses you.
You shoot an arrow. The arrow barely misses Dowan.
You have got your breath back.
Dowan looks more healthy.
Dowan barely misses you.
Dowan hits you with a +2 dagger of speed!
Duvessa hits you with a +0 short sword.
3203 ||| INVOKING Spit Poison.
Aiming: Spit Poison (1% risk of failure)
Press: ? - help, Shift-Dir - straight line, f/p - Dowan The splash of poison hits Dowan.
Dowan is poisoned.
Dowan is almost dead.
Dowan casts a spell.
Dowan blinks!
Duvessa hits you with a +0 short sword.
You shoot an arrow. The arrow closely misses Duvessa.
You kill Dowan!
Duvessa weeps, and shakes her weapon.
Duvessa goes berserk!
Duvessa hits you with a +0 short sword.
You shoot an arrow. The arrow closely misses Duvessa.
Duvessa hits you with a +0 short sword.
You die...

# ### .. .. .).. #.##
..._.#..# ........#
#######
.}....#.##########.....#
.......@..[......#.....#
......e..>.......'.....#
._...............#.....#
.................#.....#
....#.....##.....#.....#
##################.....#
#.....# #.....# #.....#


You could see Duvessa (berserk).

Vanquished Creatures
  Sigmund (D:3)
  An ice beast (D:5)
  2 scorpions (D:4)
  Dowan (D:5)
  A howler monkey (D:5)
  A hound (D:3)
  An orc priest (D:3)
  Jessica (D:3)
  An orc wizard (D:3)
  A gnoll (D:3)
  6 adders
  An adder zombie (D:3)
  3 worms
  A dart slug (D:3)
  4 orcs (D:3)
  8 bats
  10 endoplasms
  3 giant cockroaches
  5 goblins
  4 hobgoblins
  A jackal (D:3)
  6 kobolds
  5 quokkas
  8 ball pythons
  6 frilled lizards
  A jackal zombie (D:3)
  5 rats
88 creatures vanquished.

Notes
Turn   | Place    | Note
-------+----------+-------------------------------------------
     0 | D:1      | qw the Naga Hunter began the quest for the Orb.
     0 | D:1      | Reached XP level 1. HP: 19/19 MP: 1/1
     0 | D:1      | 0 ||| qw: Version: 0.2-a-29-gd901d54
     0 | D:1      | 0 ||| qw: Game counter: 4007
     0 | D:1      | 0 ||| qw: Always use a shield: true
     0 | D:1      | 0 ||| qw: God list: Okawaru
     0 | D:1      | 0 ||| qw: Allow faded altars: false
     0 | D:1      | 0 ||| qw: Do Orc after D:15 true
     0 | D:1      | 0 ||| qw: Do second Lair branch before Depths: true
     0 | D:1      | 0 ||| qw: Lair rune preference: random
     0 | D:1      | 0 ||| qw: Plans: Normal
     0 | D:1      | 0 ||| PLANNING D:1-11
    10 | D:1      | 10 ||| INVOKING Spit Poison.
    15 | D:1      | 15 ||| INVOKING Spit Poison.
    24 | D:1      | 24 ||| INVOKING Spit Poison.
    44 | D:1      | 44 ||| INVOKING Spit Poison.
    61 | D:1      | 61 ||| INVOKING Spit Poison.
   173 | D:1      | 173 ||| INVOKING Spit Poison.
   175 | D:1      | Reached skill level 4 in Ranged Weapons
   175 | D:1      | Reached XP level 2. HP: 26/26 MP: 2/2
   218 | D:1      | 218 ||| INVOKING Spit Poison.
   244 | D:1      | 244 ||| INVOKING Spit Poison.
   288 | D:1      | 288 ||| INVOKING Spit Poison.
   294 | D:1      | 294 ||| INVOKING Spit Poison.
   330 | D:1      | 330 ||| INVOKING Spit Poison.
   365 | D:1      | 365 ||| INVOKING Spit Poison.
   374 | D:1      | 374 ||| INVOKING Spit Poison.
   446 | D:1      | 446 ||| INVOKING Spit Poison.
   449 | D:1      | 449 ||| INVOKING Spit Poison.
   551 | D:1      | 551 ||| INVOKING Spit Poison.
   646 | D:1      | 646 ||| INVOKING Spit Poison.
   649 | D:1      | 649 ||| UPGRADING to +1 helmet.
   654 | D:1      | 654 ||| READING 3 scrolls labelled SUHAAS IGOPN.
   655 | D:1      | 655 ||| READING scroll labelled LUM OTOB RAQOI.
   656 | D:1      | 656 ||| READING 2 scrolls of identify.
   656 | D:1      | 656 ||| IDENTIFYING metallic amethyst potion
   657 | D:1      | 657 ||| DROPPING scroll of butterflies.
   658 | D:1      | 658 ||| DROPPING potion of invisibility.
   672 | D:2      | 672 ||| INVOKING Spit Poison.
   673 | D:2      | Reached XP level 3. HP: 32/32 MP: 3/3
   678 | D:2      | 678 ||| INVOKING Spit Poison.
   700 | D:2      | 700 ||| INVOKING Spit Poison.
   739 | D:2      | 739 ||| INVOKING Spit Poison.
   811 | D:2      | 811 ||| INVOKING Spit Poison.
   816 | D:2      | 816 ||| INVOKING Spit Poison.
   833 | D:2      | 833 ||| INVOKING Spit Poison.
   848 | D:2      | 848 ||| INVOKING Spit Poison.
   867 | D:2      | 867 ||| INVOKING Spit Poison.
   936 | D:2      | Found Kodu's Antique Weapon Shoppe.
   941 | D:2      | 941 ||| INVOKING Spit Poison.
   982 | D:2      | Reached skill level 5 in Ranged Weapons
   982 | D:2      | Reached XP level 4. HP: 34/39 MP: 4/4
  1230 | D:2      | Identified the +4 leather armour of Xieq {Dex+4}
  1232 | D:2      | 1232 ||| UPGRADING to +4 leather armour of Xieq {Dex+4}.
  1242 | D:2      | 1242 ||| DROPPING +0 leather armour.
  1243 | D:2      | 1243 ||| DROPPING +6 ring of intelligence.
  1244 | D:2      | 1244 ||| READING scroll labelled XEZIUNOSMU.
  1245 | D:2      | 1245 ||| READING scroll labelled IRUUXU WEOCODO.
  1246 | D:2      | 1246 ||| READING scroll labelled UXKE YDEISIO.
  1247 | D:2      | 1247 ||| READING 2 scrolls of identify.
  1247 | D:2      | 1247 ||| IDENTIFYING bubbling blue potion
  1248 | D:2      | 1248 ||| DROPPING potion of lignification.
  1278 | D:3      | 1278 ||| INVOKING Spit Poison.
  1286 | D:3      | Noticed Sigmund
  1292 | D:3      | 1292 ||| INVOKING Spit Poison.
  1294 | D:3      | Killed Sigmund
  1295 | D:3      | Reached XP level 5. HP: 39/51 MP: 5/5
  1337 | D:3      | 1337 ||| INVOKING Spit Poison.
  1341 | D:3      | Reached XP level 6. HP: 58/58 MP: 6/6
  1354 | D:3      | 1354 ||| INVOKING Spit Poison.
  1463 | D:3      | 1463 ||| INVOKING Spit Poison.
  1466 | D:3      | 1466 ||| INVOKING Spit Poison.
  1477 | D:3      | 1477 ||| INVOKING Spit Poison.
  1495 | D:3      | 1495 ||| Stepping ~*~*~tactically~*~*~ (outnumbered).
  1497 | D:3      | 1497 ||| INVOKING Spit Poison.
  1503 | D:3      | 1503 ||| INVOKING Spit Poison.
  1507 | D:3      | 1507 ||| INVOKING Spit Poison.
  1511 | D:3      | 1511 ||| INVOKING Spit Poison.
  1567 | D:3      | 1567 ||| INVOKING Spit Poison.
  1568 | D:3      | 1568 ||| INVOKING Spit Poison.
  1603 | D:3      | 1603 ||| INVOKING Spit Poison.
  1686 | D:3      | 1686 ||| INVOKING Spit Poison.
  1733 | D:3      | 1733 ||| INVOKING Spit Poison.
  1839 | D:3      | 1839 ||| INVOKING Spit Poison.
  1842 | D:3      | 1842 ||| INVOKING Spit Poison.
  1864 | D:3      | 1864 ||| INVOKING Spit Poison.
  1908 | D:3      | 1908 ||| INVOKING Spit Poison.
  2006 | D:3      | 2006 ||| INVOKING Spit Poison.
  2011 | D:3      | Found a snail-covered altar of Cheibriados.
  2062 | D:3      | Noticed Jessica
  2063 | D:3      | 2063 ||| INVOKING Spit Poison.
  2063 | D:3      | Killed Jessica
  2064 | D:3      | Reached skill level 6 in Ranged Weapons
  2173 | D:3      | Found a runed translucent gate.
  2173 | D:3      | Found a runed translucent gate.
  2173 | D:3      | Found a runed translucent gate.
  2173 | D:3      | Noticed qw's ghost (amateur MiHu)
  2175 | D:3      | Found a basalt altar of Yredelemnul.
  2395 | D:4      | 2395 ||| INVOKING Spit Poison.
  2401 | D:4      | Reached XP level 7. HP: 62/66 MP: 7/7
  2467 | D:4      | 2467 ||| INVOKING Spit Poison.
  2473 | D:4      | 2473 ||| INVOKING Spit Poison.
  2479 | D:4      | 2479 ||| INVOKING Spit Poison.
  2585 | D:4      | 2585 ||| INVOKING Spit Poison.
  2616 | D:4      | 2616 ||| INVOKING Spit Poison.
  2706 | D:4      | 2706 ||| INVOKING Spit Poison.
  2711 | D:4      | Found Nusikue's General Store.
  2719 | D:4      | 2719 ||| BUYING potion of curing (42 gold).
  2719 | D:4      | Bought a potion of curing for 42 gold pieces
  2719 | D:4      | 2719 ||| BUYING scroll of enchant armour (105 gold).
  2719 | D:4      | Bought a scroll of enchant armour for 105 gold pieces
  2719 | D:4      | 2719 ||| READING scroll of enchant armour.
  2719 | D:4      | 2719 ||| ENCHANTING +1 helmet.
  2738 | D:4      | 2738 ||| INVOKING Spit Poison.
  2815 | D:4      | Found Lafeh's Weapon Shoppe.
  2872 | D:4      | 2872 ||| INVOKING Spit Poison.
  2934 | D:4      | Found a radiant altar of Vehumet.
  2938 | D:4      | Found an ancient bone altar of Kikubaaqudgha.
  2939 | D:4      | Found a shimmering blue altar of Sif Muna.
  3030 | D:4      | 3030 ||| UPGRADING to amulet of the acrobat.
  3035 | D:4      | 3035 ||| DRINKING 2 smoky ruby potions.
  3063 | D:5      | Entered Level 5 of the Dungeon
  3064 | D:5      | 3064 ||| PLANNING OSSUARY
  3071 | D:5      | 3071 ||| INVOKING Spit Poison.
  3117 | D:5      | 3117 ||| INVOKING Spit Poison.
  3144 | D:5      | 3144 ||| INVOKING Spit Poison.
  3177 | D:5      | Reached skill level 7 in Ranged Weapons
  3184 | D:5      | Found a hide-covered altar of Uskayaw.
  3186 | D:5      | Found an iron altar of Okawaru.
  3187 | D:5      | Noticed Dowan
  3188 | D:5      | Noticed Duvessa
  3189 | D:5      | 3189 ||| INVOKING Spit Poison.
  3195 | D:5      | 3195 ||| INVOKING Spit Poison.
  3199 | D:5      | 3199 ||| INVOKING Spit Poison.
  3202 | D:5      | HP: 14/66 [Dowan/+2 dagger of speed (7)]
  3203 | D:5      | 3203 ||| INVOKING Spit Poison.
  3203 | D:5      | HP: 5/66 [Duvessa/+0 short sword (4)]
  3204 | D:5      | Killed Dowan
  3204 | D:5      | HP: 1/66 [Duvessa/+0 short sword (5)]
  3205 | D:5      | Slain by Duvessa

Levels and vault maps discovered:
D:1:      co_arrival_square_in_a_square_in_a_square, layout_basic,
          due_unseen_surprise
D:2:      layout_loops_ring, serial_shops, nicolae_shop_overgrown_old_shop
D:3:      kb_forest_paths, layout_loops_corners,
          nicolae_yredelemnul_ghost_church, mainiacjoe_overflow_boulevard,
          hangedman_decor_clover_reticule, uniq_sigmund, uniq_jessica
D:4:      layout_loops_ring, grunt_temple_overflow_magic_moments, serial_shops,
          shop, shop
D:5:      layout_gridville, general_overflow_altar, grunt_temple_overflow_open,
          nemelex_diamond_rough_becter, marbit_many_paths,
          nicolae_ossuary_entry_ruins, minmay_joined_circles, uniq_duvessa

Skill      XL: |  1  2  3  4  5  6  7 |
---------------+----------------------+-----
Ranged Weapons | 4 5 6 7 |  7.1
Fighting       | 4 |  4.6
Dodging        | 2 |  2.3
Stealth        | |  1.5

Action                     |  1- 3 |  4- 6 |  7- 9 || total
---------------------------+-------+-------+-------++-------
   Fire: Shortbow          |    67 |    48 |    66 ||   181
Ability: Spit Poison       |    27 |    22 |    15 ||    64
    Use: Scroll            |     3 |     4 |     1 ||     8
         Potion            |       |       |     1 ||     1
 Armour: Leather armour    |     8 |    16 |    14 ||    38
  Dodge: Dodged            |     7 |    16 |    15 ||    38

Table legend:
 A = Non-vault XP
 B = Vault XP
 C = Vault XP percentage of total XP
 D = Non-vault monster count
 E = Vault monster count
 F = Vault count percentage of total count
                 A         B        C        D         E       F
            +---------+---------+-------+---------+---------+-------
      Total |     677 |     355 |  34.4 |      77 |      11 |  12.5
            +---------+---------+-------+---------+---------+-------
        D:1 |      33 |       0 |   0.0 |      21 |       0 |   0.0
        D:2 |      50 |       0 |   0.0 |      19 |       0 |   0.0
        D:3 |     173 |     288 |  62.5 |      18 |      10 |  35.7
        D:4 |     205 |       0 |   0.0 |      15 |       0 |   0.0
        D:5 |     216 |      67 |  23.7 |       4 |       1 |  20.0
            +---------+---------+-------+---------+---------+-------
